 Dungeon Crawl Stone Soup version 0.29.0-4-gdea44cf6ec (webtiles) character file.

Game seed: 14958501646722845739

8904 qw the Cleaver (level 11, -1/65 HPs)
             Began as a Tengu Warper on Aug 28, 2022.
             Was an Elder of Okawaru.
             Slain by a two-headed ogre
             ... wielding a +0 giant spiked club
              (13 damage)
             ... on level 10 of the Dungeon.
             The game lasted 00:01:10 (11215 turns).

qw the Cleaver (Tengu Warper)                      Turns: 11215, Time: 00:01:10

Health: -1/65      AC: 21    Str: 15    XL:     11   Next: 38%
Magic:  17/17      EV: 10    Int: 13    God:    Okawaru [****..]
Gold:   523        SH:  0    Dex: 15    Spells: 14/14 levels left

rFire   . . .      SeeInvis .   Y - +7 broad axe (elec)
rCold   . . .      Faith    .   (no shield)
rNeg    + . .      Spirit   .   i - +0 plate armour
rPois   +          Reflect  .   c - +2 hat
rElec   .          Harm     .   d - +2 cloak
rCorr   .          Rampage  .   (no gloves)
Will    .....                   (boots unavailable)
Stlth   ..........              (no amulet)
HPRegen 0.20/turn               g - ring of positive energy
MPRegen 0.15/turn               l - ring of poison resistance

@: heroic, flying quickly and evasively, quick
A: beak, talons 3, nimble flight
a: Renounce Religion, Heroism, Finesse


You were on level 10 of the Dungeon.
You worshipped Okawaru.
Okawaru was greatly pleased with you.
You visited 2 branches of the dungeon, and saw 11 of its levels.

You collected 603 gold pieces.
You spent 80 gold pieces at shops.


Innate Abilities, Weirdness & Mutations

You have a beak for a mouth.
You have claws for feet.
Your magical nature lets you fly swiftly and evasively.


   Skills:
 - Level 6.3(11.3) Fighting
 + Level 13.6(18.6) Axes
 - Level 1.0(6.0) Throwing
 - Level 7.1(12.1) Armour
 - Level 3.6(8.6) Dodging
 - Level 2.0 Spellcasting
 - Level 2.4 Translocations
 + Level 7.2 Invocations


You had 14 spell levels left.
You didn't know any spells.
Your spell library contained the following spells:

 Spells                   Type           Power      Damage    Failure   Level
 Blink                    Tloc           14%        N/A       99%         2
 Gell's Gravitas          Tloc           7%         N/A       100%        3
 Lesser Beckoning         Tloc           7%         N/A       100%        3
 Teleport Other           Tloc           7%         N/A       100%        3
 Manifold Assault         Tloc           7%         N/A       100%        5

Inventory:

Hand Weapons
 m - a +3 war axe of flaming
 Y - a +7 broad axe of electrocution (weapon)
Armour
 c - a +2 hat (worn)
 d - a +2 cloak (worn)
 i - a +0 plate armour (worn)
Jewellery
 g - a ring of positive energy (left hand)
 l - a ring of poison resistance (right hand)
 n - a ring of positive energy
Scrolls
 a - 6 scrolls of identify
Potions
 b - a potion of heal wounds
 e - 2 potions of resistance
 f - 5 potions of curing
 h - 2 potions of mutation
 j - a potion of magic
 k - a potion of might

Dungeon Overview and Level Annotations

Branches:
Dungeon (10/15)            Temple (1/1) D:5
   Lair: D:8-11         Orc: D:9-12

Altars:
Ashenzari
Cheibriados
Dithmenos
Elyvilon
Gozag
Hepliaklqana
Kikubaaqudgha
Makhleb
Okawaru
Sif Muna
Uskayaw
Vehumet
Wu Jian
Xom
Yredelemnul
Zin
The Shining One

Shops:
D:3 !


Message History

Found a hand axe.
You now have 512 gold pieces (gained 16).
You now have 523 gold pieces (gained 11).
Found a stone staircase leading down.
Enter note:
Enter note: A two-headed ogre comes into view.
It is wielding a +0 giant spiked club and a +0 giant club.
The two-headed ogre shouts in stereo!
You hear a bellow!
A yak comes into view.
You hear a bellow!
11200 ||| INVOKING Heroism.
You gain the combat prowess of a mighty hero.
You hear a bellow!
A yak comes into view.
You slash the yak! Your kick misses the yak.
You peck the yak, but do no damage.
The yak is moderately wounded.
The yak misses you.
You slash the yak! You peck the yak.
The yak is severely wounded.
The yak gores you!
You slice the yak!!
You kill the yak!
Okawaru accepts your kill.
A yak comes into view.
11210 ||| Stepping ~*~*~tactically~*~*~ (stealth).
A yak comes into view.
11211 ||| Stepping ~*~*~tactically~*~*~ (stealth).
11212 ||| Stepping ~*~*~tactically~*~*~ (stealth).
You closely miss the two-headed ogre.
The two-headed ogre hits you with a +0 giant spiked club!
The two-headed ogre hits you with a +0 giant club!
You completely miss the two-headed ogre.
You claw the two-headed ogre.
The two-headed ogre is lightly wounded.
You slice the two-headed ogre!! You claw the two-headed ogre.
The two-headed ogre is heavily wounded.
You hear a bellow!
The two-headed ogre hits you with a +0 giant spiked club!!
The two-headed ogre hits you with a +0 giant club!
You die...

..# #.# #.# #.# ### #.#
#.# ..#####.###.#####
................#
........#######.#
..###...#### #.#
.............##.#####.##
..###...###.....@.......
........##..###YO####.##
#####..##. ##Y.## # #..#
##..# ##.Y.Y....
##....... # #...... # #
..>... # .# . ......


You could see a two-headed ogre and 3 yaks.

Vanquished Creatures
  Gastronok (D:8)
  2 two-headed ogres (D:8)
  Maurice (D:8)
  A troll (D:9)
  A slime creature (D:8)
  A hornet (D:9)
  A wraith (D:9)
  A basilisk (D:9)
  3 wyverns
  6 yaks
  Grum (D:8)
  3 steam dragons
  2 water moccasins (D:6)
  2 ice beasts (D:7)
  3 orc warriors
  6 wolves
  2 centaurs
  2 ogres
  3 kobold brigands
  6 bullfrogs
  5 scorpions
  A necrophage (D:6)
  7 wights
  4 killer bees (D:7)
  A hound (D:5)
  A jelly (D:6)
  4 orc priests
  2 iguanas
  A gnoll bouda (D:7)
  5 orc wizards
  7 adders
  12 gnolls
  A shadow imp (D:6)
  2 ufetubi
  9 dart slugs
  16 orcs
  4 endoplasms
  2 giant cockroaches (D:3)
  10 hobgoblins
  3 jackals (D:3)
  22 kobolds
  6 quokkas
  8 ball pythons
  5 bats
  A frilled lizard (D:1)
  14 goblins
  7 rats
208 creatures vanquished.

Vanquished Creatures (others)
  A dart slug (D:3)
  8 fungi
  20 plants
  4 toadstools (D:1)
33 creatures vanquished.

Grand Total: 241 creatures vanquished

Notes
Turn   | Place    | Note
-------+----------+-------------------------------------------
     0 | D:1      | qw the Tengu Warper began the quest for the Orb.
     0 | D:1      | Reached XP level 1. HP: 12/12 MP: 4/4
     0 | D:1      | 0 ||| qw: Version: 0.1-a-89-g26bdef1
     0 | D:1      | 0 ||| qw: Game counter: 1808
     0 | D:1      | 0 ||| qw: Always use a shield: true
     0 | D:1      | 0 ||| qw: God list: Okawaru
     0 | D:1      | 0 ||| qw: Allow faded altars: false
     0 | D:1      | 0 ||| qw: Do Orc after D:15 true
     0 | D:1      | 0 ||| qw: Do second Lair branch before Depths: true
     0 | D:1      | 0 ||| qw: Lair rune preference: random
     0 | D:1      | 0 ||| qw: Plans: Normal
     0 | D:1      | 0 ||| PLANNING D:1-11
   194 | D:1      | 194 ||| Stepping ~*~*~tactically~*~*~ (stealth).
   195 | D:1      | 195 ||| Stepping ~*~*~tactically~*~*~ (stealth).
   197 | D:1      | 197 ||| Stepping ~*~*~tactically~*~*~ (stealth).
   200 | D:1      | 200 ||| Stepping ~*~*~tactically~*~*~ (stealth).
   202 | D:1      | 202 ||| Stepping ~*~*~tactically~*~*~ (stealth).
   203 | D:1      | 203 ||| Stepping ~*~*~tactically~*~*~ (stealth).
   209 | D:1      | Reached skill level 3 in Axes
   209 | D:1      | Reached XP level 2. HP: 13/17 MP: 6/6
   352 | D:1      | Found a faded altar of an unknown god.
   413 | D:1      | 413 ||| Stepping ~*~*~tactically~*~*~ (hiding).
   741 | D:1      | 741 ||| DROPPING scarf of shadows.
   742 | D:1      | 742 ||| UPGRADING to +0 scale mail.
   752 | D:1      | 752 ||| DROPPING +0 leather armour.
   753 | D:1      | 753 ||| READING 3 scrolls labelled ZYAGGI HYMOFIAT.
   754 | D:1      | 754 ||| READING scroll labelled KIWKOSKE NITHAE.
   755 | D:1      | 755 ||| READING 2 scrolls labelled YNNIOF XEFFI.
   758 | D:1      | 758 ||| DRINKING 2 fuming white potions.
   759 | D:1      | 759 ||| READING 2 scrolls of identify.
   759 | D:1      | 759 ||| IDENTIFYING fuming grey potion
   760 | D:1      | 760 ||| DROPPING scroll of blinking.
   761 | D:1      | 761 ||| DROPPING potion of attraction.
   786 | D:2      | Reached XP level 3. HP: 15/21 MP: 7/7
   984 | D:2      | Found a basalt altar of Yredelemnul.
  1016 | D:2      | 1016 ||| Stepping ~*~*~tactically~*~*~ (hiding).
  1087 | D:2      | Reached skill level 4 in Axes
  1335 | D:2      | 1335 ||| UPGRADING to +1 hat.
  1340 | D:2      | 1340 ||| UPGRADING to +0 chain mail.
  1350 | D:2      | 1350 ||| DROPPING +0 scale mail.
  1351 | D:2      | 1351 ||| READING scroll labelled WUGEC GITZUECO.
  1352 | D:2      | 1352 ||| DRINKING 2 fizzy clear potions.
  1353 | D:2      | 1353 ||| READING 6 scrolls of identify.
  1353 | D:2      | 1353 ||| IDENTIFYING sedimented purple potion
  1354 | D:2      | 1354 ||| READING 5 scrolls of identify.
  1354 | D:2      | 1354 ||| IDENTIFYING fizzy pink potion
  1355 | D:2      | 1355 ||| DROPPING potion of degeneration.
  1371 | D:3      | Found Sushriw's Distillery.
  1378 | D:3      | 1378 ||| BUYING potion of curing (30 gold).
  1378 | D:3      | Bought a potion of curing for 30 gold pieces
  1378 | D:3      | 1378 ||| BUYING potion of heal wounds (50 gold).
  1378 | D:3      | Bought a potion of heal wounds for 50 gold pieces
  1378 | D:3      | 1378 ||| SHOPLISTING potion of might (40 gold, have 22).
  1378 | D:3      | 1378 ||| SHOPLISTING potion of mutation (80 gold, have 22).
  1378 | D:3      | 1378 ||| SHOPLISTING potion of resistance (100 gold, have
                  | 22).
  1383 | D:3      | 1383 ||| Stepping ~*~*~tactically~*~*~ (stealth).
  1402 | D:3      | 1402 ||| Stepping ~*~*~tactically~*~*~ (stealth).
  1406 | D:3      | 1406 ||| Stepping ~*~*~tactically~*~*~ (stealth).
  1610 | D:3      | 1610 ||| SWAPPING to +0 war axe.
  1611 | D:3      | 1611 ||| DROPPING +0 hand axe.
  1711 | D:3      | Reached XP level 4. HP: 26/26 MP: 8/8
  1747 | D:3      | 1747 ||| Stepping ~*~*~tactically~*~*~ (hiding).
  1803 | D:3      | HP: 4/26 [dart slug/slug dart (4)]
  1804 | D:3      | 1804 ||| READING 2 scrolls of teleportation.
  1805 | D:3      | 1805 ||| DRINKING potion of heal wounds.
  1809 | D:3      | 1809 ||| Stepping ~*~*~tactically~*~*~ (hiding).
  2012 | D:3      | 2012 ||| Stepping ~*~*~tactically~*~*~ (hiding).
  2163 | D:3      | 2163 ||| Stepping ~*~*~tactically~*~*~ (hiding).
  2173 | D:3      | Reached skill level 5 in Axes
  2236 | D:3      | 2236 ||| READING scroll labelled COUWAO LINAN.
  2237 | D:3      | 2237 ||| READING scroll labelled ABIV RAUPESU.
  2238 | D:3      | 2238 ||| READING scroll labelled XACWAE VYOMU.
  2239 | D:3      | 2239 ||| READING 5 scrolls of identify.
  2239 | D:3      | 2239 ||| IDENTIFYING ruby potion
  2240 | D:3      | 2240 ||| READING 4 scrolls of identify.
  2240 | D:3      | 2240 ||| IDENTIFYING bubbling dark potion
  2241 | D:3      | 2241 ||| READING 3 scrolls of identify.
  2241 | D:3      | 2241 ||| IDENTIFYING grey potion
  2242 | D:3      | 2242 ||| DROPPING potion of lignification.
  2243 | D:3      | 2243 ||| DROPPING potion of berserk rage.
  2244 | D:3      | 2244 ||| DROPPING potion of ambrosia.
  2295 | D:4      | 2295 ||| DROPPING +0 club.
  2553 | D:4      | Gained mutation: Your magical nature lets you fly swiftly
                  | and evasively. [Tengu growth]
  2553 | D:4      | Reached XP level 5. HP: 25/30 MP: 9/9
  2646 | D:4      | 2646 ||| Stepping ~*~*~tactically~*~*~ (stealth).
  2733 | D:4      | 2733 ||| DROPPING +0 mace.
  2792 | D:4      | Found a burning altar of Makhleb.
  3033 | D:4      | Reached skill level 6 in Axes
  3274 | D:4      | 3274 ||| SWAPPING to +2 war axe of flaming.
  3275 | D:4      | 3275 ||| DROPPING +0 morningstar.
  3276 | D:4      | 3276 ||| DROPPING +0 vorpal war axe.
  3739 | D:4      | 3739 ||| UPGRADING to +0 plate armour.
  3749 | D:4      | 3749 ||| DROPPING +0 chain mail.
  3750 | D:4      | 3750 ||| READING scroll labelled BOEHIONNIF.
  3919 | D:5      | Entered Level 5 of the Dungeon
  3994 | D:5      | Found a staircase to the Ecumenical Temple.
  3995 | D:5      | 3995 ||| PLANNING TEMPLE
  4000 | Temple   | Entered the Ecumenical Temple
  4009 | Temple   | Became a worshipper of Warmaster Okawaru
  4022 | Temple   | 4022 ||| PLANNING D:1-11
  4117 | D:5      | Noticed an ogre
  4211 | D:5      | Reached XP level 6. HP: 35/35 MP: 10/10
  4355 | D:5      | 4355 ||| UPGRADING to +2 cloak.
  4360 | D:5      | 4360 ||| READING scroll labelled BUNATWAIKE.
  4422 | D:5      | 4422 ||| READING scroll of teleportation.
  4423 | D:5      | 4423 ||| STAIRDANCE
  4534 | D:5      | Reached skill level 3 in Armour
  4534 | D:5      | Reached * piety under Okawaru
  4535 | D:5      | Reached skill level 7 in Axes
  4535 | D:5      | 4535 ||| STAIRDANCE
  4718 | D:6      | 4718 ||| STAIRDANCE
  4728 | D:5      | Reached XP level 7. HP: 17/40 MP: 11/11
  4910 | D:6      | 4910 ||| INVOKING Heroism.
  5042 | D:6      | Reached skill level 3 in Fighting
  5178 | D:6      | 5178 ||| INVOKING Heroism.
  5180 | D:6      | Reached skill level 1 in Invocations
  5180 | D:6      | 5180 ||| DRINKING 5 potions of curing.
  5180 | D:6      | 5180 ||| (to cure poison)
  5386 | D:6      | 5386 ||| Stepping ~*~*~tactically~*~*~ (stealth).
  5469 | D:6      | 5469 ||| INVOKING Heroism.
  5612 | D:6      | 5612 ||| INVOKING Heroism.
  5619 | D:6      | Reached skill level 8 in Axes
  5619 | D:6      | Reached XP level 8. HP: 46/46 MP: 9/12
  5778 | D:6      | 5778 ||| INVOKING Heroism.
  5832 | D:6      | Reached skill level 3 in Invocations
  5947 | D:6      | 5947 ||| Stepping ~*~*~tactically~*~*~ (hiding).
  5953 | D:6      | 5953 ||| INVOKING Heroism.
  5959 | D:6      | 5959 ||| Stepping ~*~*~tactically~*~*~ (cloud).
  6363 | D:6      | Found an opulent altar of Gozag.
  6370 | D:6      | Reached ** piety under Okawaru
  6413 | D:6      | 6413 ||| DROPPING scarf of invisibility.
  6414 | D:6      | 6414 ||| UPGRADING to ring of positive energy.
  6415 | D:6      | 6415 ||| READING scroll labelled COARO ZOMONNA.
  6416 | D:6      | 6416 ||| READING scroll labelled ZEKHLO ECROOT.
  6416 | D:6      | Identified a scroll of acquirement
  6416 | D:6      | 6416 ||| ACQUIRING +5 broad axe of electrocution
  6416 | D:6      | Acquired a +5 broad axe of electrocution
  6418 | D:6      | 6418 ||| SWAPPING to +5 broad axe of electrocution.
  6419 | D:6      | 6419 ||| Stepping randomly (stuck).
  6420 | D:6      | 6420 ||| Stepping ~*~*~tactically~*~*~ (cloud).
  6564 | D:7      | 6564 ||| Stepping ~*~*~tactically~*~*~ (hiding).
  6573 | D:7      | Reached skill level 9 in Axes
  6700 | D:7      | 6700 ||| INVOKING Heroism.
  6703 | D:7      | 6703 ||| Stepping ~*~*~tactically~*~*~ (hiding).
  6706 | D:7      | 6706 ||| Stepping ~*~*~tactically~*~*~ (hiding).
  6824 | D:7      | 6824 ||| FLEEEEING.
  6825 | D:7      | 6825 ||| FLEEEEING.
  6826 | D:7      | 6826 ||| FLEEEEING.
  6827 | D:7      | 6827 ||| FLEEEEING.
  6932 | D:7      | Reached XP level 9. HP: 52/52 MP: 13/13
  6977 | D:7      | Reached skill level 10 in Axes
  7125 | D:7      | 7125 ||| INVOKING Heroism.
  7131 | D:7      | 7131 ||| Stepping ~*~*~tactically~*~*~ (stealth).
  7147 | D:7      | 7147 ||| Stepping ~*~*~tactically~*~*~ (stealth).
  7162 | D:7      | 7162 ||| Stepping ~*~*~tactically~*~*~ (stealth).
  7168 | D:7      | 7168 ||| Stepping ~*~*~tactically~*~*~ (stealth).
  7170 | D:7      | 7170 ||| Stepping ~*~*~tactically~*~*~ (stealth).
  7265 | D:7      | 7265 ||| INVOKING Heroism.
  7322 | D:7      | 7322 ||| Stepping ~*~*~tactically~*~*~ (stealth).
  7326 | D:7      | 7326 ||| Stepping ~*~*~tactically~*~*~ (stealth).
  7622 | D:7      | 7622 ||| DRINKING 2 glowing puce potions.
  7747 | D:8      | Noticed Grum
  7748 | D:8      | 7748 ||| INVOKING Heroism.
  7756 | D:8      | Reached *** piety under Okawaru
  7764 | D:8      | Killed Grum
  7765 | D:8      | Reached skill level 11 in Axes
  7956 | D:8      | 7956 ||| INVOKING Heroism.
  8270 | D:8      | Noticed a two-headed ogre
  8271 | D:8      | 8271 ||| INVOKING Heroism.
  8279 | D:8      | Killed a two-headed ogre
  8280 | D:8      | Reached skill level 12 in Axes
  8280 | D:8      | Reached XP level 10. HP: 33/59 MP: 12/14
  8280 | D:8      | 8280 ||| Stepping ~*~*~tactically~*~*~ (stealth).
  8281 | D:8      | 8281 ||| Stepping ~*~*~tactically~*~*~ (stealth).
  8287 | D:8      | 8287 ||| Stepping ~*~*~tactically~*~*~ (stealth).
  8288 | D:8      | 8288 ||| FLEEEEING.
  8289 | D:8      | 8289 ||| FLEEEEING.
  8290 | D:8      | 8290 ||| FLEEEEING.
  8291 | D:8      | 8291 ||| FLEEEEING.
  8291 | D:8      | HP: 14/59 [orc warrior/bolt (6)]
  8292 | D:8      | 8292 ||| FLEEEEING.
  8293 | D:8      | 8293 ||| FLEEEEING.
  8294 | D:8      | 8294 ||| FLEEEEING.
  8295 | D:8      | 8295 ||| FLEEEEING.
  8296 | D:8      | 8296 ||| FLEEEEING.
  8297 | D:8      | 8297 ||| FLEEEEING.
  8298 | D:8      | 8298 ||| FLEEEEING.
  8299 | D:8      | 8299 ||| FLEEEEING.
  8300 | D:8      | 8300 ||| FLEEEEING.
  8301 | D:8      | 8301 ||| FLEEEEING.
  8302 | D:8      | 8302 ||| FLEEEEING.
  8303 | D:8      | 8303 ||| FLEEEEING.
  8318 | D:8      | 8318 ||| INVOKING Heroism.
  8514 | D:8      | 8514 ||| Stepping ~*~*~tactically~*~*~ (stealth).
  8517 | D:8      | 8517 ||| INVOKING Heroism.
  8605 | D:8      | 8605 ||| Stepping ~*~*~tactically~*~*~ (hiding).
  8608 | D:8      | 8608 ||| INVOKING Heroism.
  8609 | D:8      | 8609 ||| UPGRADING to ring of poison resistance.
  8610 | D:8      | 8610 ||| READING scroll labelled EGGUEN NYSHUTZ.
  8616 | D:8      | Reached skill level 6 in Armour
  8618 | D:8      | Noticed Maurice
  8621 | D:8      | HP: 11/59 [Maurice/bolt of dispelling energy (15)]
  8622 | D:8      | 8622 ||| DRINKING 2 potions of heal wounds.
  8627 | D:8      | Killed Maurice
  8628 | D:8      | Reached skill level 3 in Dodging
  8815 | D:8      | 8815 ||| DRINKING 5 potions of curing.
  8815 | D:8      | 8815 ||| (to cure confusion)
  8816 | D:8      | 8816 ||| INVOKING Heroism.
  8861 | D:8      | 8861 ||| INVOKING Heroism.
  8965 | D:8      | Reached **** piety under Okawaru
  8966 | D:8      | Reached skill level 6 in Fighting
  9180 | D:8      | Noticed Gastronok
  9181 | D:8      | 9181 ||| Stepping ~*~*~tactically~*~*~ (hiding).
  9183 | D:8      | 9183 ||| INVOKING Heroism.
  9196 | D:8      | Killed Gastronok
  9455 | D:8      | Noticed a two-headed ogre
  9456 | D:8      | 9456 ||| INVOKING Heroism.
  9465 | D:8      | Killed a two-headed ogre
  9466 | D:8      | Reached skill level 13 in Axes
  9606 | D:8      | 9606 ||| READING 6 scrolls of identify.
  9606 | D:8      | 9606 ||| IDENTIFYING blue potion
  9653 | D:9      | 9653 ||| INVOKING Heroism.
  9694 | D:9      | 9694 ||| READING scroll of enchant armour.
  9694 | D:9      | 9694 ||| ENCHANTING +1 hat.
  9857 | D:9      | 9857 ||| READING 2 scrolls of enchant weapon.
  9857 | D:9      | 9857 ||| ENCHANTING +5 broad axe of electrocution.
  9858 | D:9      | 9858 ||| READING scroll of enchant weapon.
  9858 | D:9      | 9858 ||| ENCHANTING +6 broad axe of electrocution.
 10030 | D:9      | Reached skill level 6 in Invocations
 10030 | D:9      | Reached XP level 11. HP: 52/65 MP: 16/16
 10206 | D:9      | 10206 ||| INVOKING Heroism.
 10578 | D:9      | 10578 ||| DROPPING ring of wizardry.
 10612 | D:10     | Entered Level 10 of the Dungeon
 10613 | D:10     | 10613 ||| STAIRDANCE
 10620 | D:10     | 10620 ||| STAIRDANCE
 10622 | D:9      | 10622 ||| INVOKING Heroism.
 10667 | D:10     | 10667 ||| STAIRDANCE
 10669 | D:9      | 10669 ||| INVOKING Heroism.
 10814 | D:10     | 10814 ||| STAIRDANCE
 10835 | D:10     | 10835 ||| STAIRDANCE
 10897 | D:10     | 10897 ||| STAIRDANCE
 10928 | D:10     | 10928 ||| STAIRDANCE
 10931 | D:9      | 10931 ||| INVOKING Heroism.
 11093 | D:10     | 11093 ||| STAIRDANCE
 11199 | D:10     | Noticed a two-headed ogre
 11200 | D:10     | 11200 ||| INVOKING Heroism.
 11210 | D:10     | 11210 ||| Stepping ~*~*~tactically~*~*~ (stealth).
 11211 | D:10     | 11211 ||| Stepping ~*~*~tactically~*~*~ (stealth).
 11212 | D:10     | 11212 ||| Stepping ~*~*~tactically~*~*~ (stealth).
 11215 | D:10     | HP: 12/65 [two-headed ogre/+0 giant spiked club (22)]
 11215 | D:10     | Slain by a two-headed ogre

Levels and vault maps discovered:
D:1:      ldierk_walled_garden_2, layout_rooms,
          shapermc_ecumenical_altar_mp_urbaneastern,
          amcnicky_mini_corridor_feature
D:2:      layout_rooms, basic_altar, fountainhead
D:3:      kennysheep_slugbush, layout_rooms, serial_shops, shop
D:4:      corexii_shantytown, layout_basic, mainiacjoe_overflow_24_doors
D:5:      layout_rooms, minmay_temple_entry_hall, nicolae_fountain_basement
D:6:      minmay_evil_eye, layout_cave_pods, nicolae_gozag_seed_capital
D:7:      layout_loops_cross
D:8:      layout_gridville, minmay_misc_feat_ornament, minmay_microvault,
          uniq_grum, uniq_gastronok, uniq_maurice
D:9:      layout_irregular_city, hangedman_abyss_or_decor_stabs,
          statue_in_the_mist_lemuel, amcnicky_mini_pool_small
D:10:     lemuel_reptile_caves, layout_loops_ring, nemelex_spade_bored_becter,
          mainiacjoe_overflow_cross_hatched, nicolae_overflow_hidden_temple,
          mainiacjoe_overflow_concentric_impassable, minmay_lair_entry_grove,
          orc_0_dummy, glass_columns_a
Temple:   hellmonk_temple_two_chambers

Skill      XL: |  1  2  3  4  5  6  7  8  9 10 11 |
---------------+----------------------------------+-----
Axes           | 3 4 5 6 7 8 9 12 13 | 13.6
Armour         | 2 3 4 5 6 7 |  7.1
Fighting       | 3 4 5 6 |  6.3
Invocations    | 2 4 6 7 |  7.2
Dodging        | 3 |  3.6
Throwing       | |  1.0
Spellcasting   | |  2.0
Translocations | |  2.4

Action                   |  1- 3 |  4- 6 |  7- 9 | 10-12 || total
-------------------------+-------+-------+-------+-------++-------
Melee: Hand axe          |    75 |       |       |       ||    75
       Kick              |    25 |    19 |    39 |    41 ||   124
       Peck              |     6 |    18 |    16 |    28 ||    68
       War axe           |    11 |   124 |    65 |       ||   200
       Punch             |     1 |     1 |     1 |     1 ||     4
       Broad axe         |       |       |    74 |   139 ||   213
Throw: Boomerang         |     7 |       |       |       ||     7
Invok: Heroism           |       |       |    12 |    13 ||    25
  Use: Scroll            |     7 |    10 |     2 |     5 ||    24
       Potion            |     2 |     1 |     2 |     2 ||     7
Armor: Leather armour    |    10 |       |       |       ||    10
       Scale mail        |    14 |       |       |       ||    14
       Chain mail        |    16 |    68 |       |       ||    84
       Plate armour      |       |    24 |   110 |   105 ||   239
Dodge: Dodged            |    35 |    49 |    52 |    68 ||   204

Table legend:
 A = Non-vault XP
 B = Vault XP
 C = Vault XP percentage of total XP
 D = Non-vault monster count
 E = Vault monster count
 F = Vault count percentage of total count
                 A         B        C        D         E       F
            +---------+---------+-------+---------+---------+-------
      Total |    7883 |    4837 |  38.0 |     149 |      59 |  28.4
            +---------+---------+-------+---------+---------+-------
        D:1 |      28 |       0 |   0.0 |      18 |       0 |   0.0
        D:2 |      20 |       0 |   0.0 |      11 |       0 |   0.0
        D:3 |      54 |      26 |  32.5 |      18 |       7 |  28.0
        D:4 |      22 |     111 |  83.5 |       6 |      31 |  83.8
        D:5 |     228 |     193 |  45.8 |       4 |       2 |  33.3
        D:6 |     914 |     272 |  22.9 |      21 |       3 |  12.5
        D:7 |    1240 |       0 |   0.0 |      23 |       0 |   0.0
        D:8 |    2925 |    2745 |  48.4 |      24 |       7 |  22.6
        D:9 |    2234 |    1156 |  34.1 |      22 |       7 |  24.1
       D:10 |     218 |     334 |  60.5 |       2 |       2 |  50.0
            +---------+---------+-------+---------+---------+-------
